 Dungeon Crawl Stone Soup version 0.27-a0-1202-ge72e49191c (webtiles) character file.

Game seed: 14291063146900716879

1596 mordus the Grappler (level 8, 0/83 HPs)
             Began as a Troll Monk on June 4, 2021.
             Shot with an arrow by a centaur (4 damage)
             ... on level 6 of the Dungeon.
             The game lasted 00:09:16 (4200 turns).

mordus the Grappler (Troll Monk)                    Turns: 4200, Time: 00:09:17

Health: 0/83       AC:  7    Str: 26    XL:     8   Next: 62%
Magic:  7/7        EV: 10    Int:  6    God:
Gold:   262        SH:  0    Dex: 13    Spells: 7/7 levels left

rFire    + . .     SeeInvis .     - Unarmed
rCold    + . .     Faith    .   (no shield)
rNeg     . . .     Spirit   .   a - +0 robe
rPois    .         Reflect  .   b - +0 hat of Mental Paralysis {-Cast rC+ Str+5}
rElec    .         Harm     .   n - +2 cloak
rCorr    .         Rampage  .   (gloves unavailable)
Will     .....     NoCast   +   (boots unavailable)
Stlth    ++........             g - amulet of the acrobat
HPRegen  1.23/turn              o - ring of protection from fire
MPRegen  0.10/turn              (no ring)

@: no status effects
A: large, unfitting armour, claws 3, regeneration 1, shaggy fur 1, tough skin 1
a: no special abilities


You were on level 6 of the Dungeon.
You visited 2 branches of the dungeon, and saw 7 of its levels.

You collected 262 gold pieces.

Inventory:

Missiles
 m - 6 curare-tipped darts (quivered)
 q - a throwing net
Armour
 a - a +0 robe (worn)
 b - the +0 hat of Mental Paralysis (worn) {-Cast rC+ Str+5}
   (You acquired it on level 5 of the Dungeon)

   It affects your strength (+5).
   It protects you from cold.
   It prevents spellcasting.
 n - a +2 cloak (worn)
Jewellery
 g - an amulet of the acrobat (around neck)
 o - a ring of protection from fire (left claw)
 t - a ring of fire
Wands
 e - a wand of acid (11)
Scrolls
 c - 2 scrolls of vulnerability
 i - a scroll of identify
Potions
 d - 4 potions of might
 f - a potion of ambrosia {unknown}
 h - a potion of invisibility {unknown}
 j - 4 potions of brilliance {unknown}
 l - 2 potions of flight {unknown}
 u - a potion of lignification {unknown}
 w - 3 potions of curing {unknown}


   Skills:
 + Level 5.8 Fighting
 - Level 2.4 Dodging
 - Level 1.0 Stealth
 * Level 9.4 Unarmed Combat


You had 7 spell levels left.
You didn't know any spells.
Your spell library contained the following spells:

 Spells                   Type           Power      Damage    Failure   Level
 Beastly Appendage        Tmut           0%         N/A       45%         1
 Shock                    Conj/Air       0%         1d3       45%         1
 Summon Small Mammal      Summ           0%         N/A       45%         1
 Call Imp                 Summ           0%         N/A       58%         2
 Static Discharge         Conj/Air       0%         N/A       58%         2
 Wereblood                Tmut           0%         N/A       58%         2
 Call Canine Familiar     Summ           0%         N/A       83%         3
 Spider Form              Tmut/Pois      0%         N/A       83%         3
 Summon Guardian Golem    Hex/Summ       0%         N/A       83%         3
 Swiftness                Air            0%         N/A       83%         3
 Airstrike                Air            0%         N/A       99%         4
 Ice Form                 Ice/Tmut       0%         N/A       99%         4
 Summon Ice Beast         Ice/Summ       0%         N/A       99%         4
 Summon Lightning Spire   Summ/Air       0%         N/A       99%         4
 Hydra Form               Tmut           0%         N/A       100%        5
 Lightning Bolt           Conj/Air       0%         1d11      100%        5


Dungeon Overview and Level Annotations

Branches:
Dungeon (6/15)             Temple (1/1) D:4

Altars:
Ashenzari
Cheibriados
Dithmenos
Elyvilon
Fedhas
Gozag
Hepliaklqana
Kikubaaqudgha
Makhleb
Nemelex Xobeh
Okawaru
Qazlal
Ru
Sif Muna
Trog
Uskayaw
Vehumet
Wu Jian
Xom
Yredelemnul
Zin
The Shining One

Shops:
D:5 ?([


Innate Abilities, Weirdness & Mutations

You are too large for most types of armour.
You have claws for hands.
Your natural rate of healing is unusually fast.
You are covered in fur. (AC +1)
You have tough skin. (AC +1)


Message History

You struggle to resist.
The centaur shoots an arrow.
The arrow misses you.
The orc priest mumbles some strange prayers to Beogh against you.
Pain shoots through your body!
* * * LOW HITPOINT WARNING * * *
As you read the scroll labelled CONEGI IKHEO, it crumbles to dust.
You feel aware of your surroundings.
It was a scroll of magic mapping.
The centaur shoots an arrow.
The arrow closely misses you.
The centaur shoots an arrow.
The arrow hits you.
* * * LOW HITPOINT WARNING * * *
The black bear closely misses you. The black bear claws you.
* * * LOW HITPOINT WARNING * * *
The black bear claws you but does no damage.
The centaur shoots an arrow.
The arrow hits you but does no damage.
The centaur shoots an arrow.
The arrow hits you.
* * * LOW HITPOINT WARNING * * *
The centaur shoots an arrow.
The arrow completely misses you.
The centaur shoots an arrow.
The arrow completely misses you.
The centaur shoots an arrow.
The arrow hits you.
* * * LOW HITPOINT WARNING * * *
The centaur shoots an arrow.
The arrow barely misses you.
The centaur shoots an arrow.
The arrow hits you.
* * * LOW HITPOINT WARNING * * *
The black bear bites you.
* * * LOW HITPOINT WARNING * * *
The black bear claws you but does no damage.
The black bear closely misses you.
You barely miss the black bear. You claw the black bear.
The black bear is lightly wounded.
The black bear bites you but does no damage.
The black bear claws you but does no damage.
The black bear barely misses you.
You mangle the black bear!!
The black bear is almost dead.
The black bear barely misses you. The black bear claws you.
* * * LOW HITPOINT WARNING * * *
The black bear claws you but does no damage.
You mangle the black bear!!
You kill the black bear!
The centaur shoots an arrow.
The arrow hits you.
You die...

..........# #.......#...
..........# #.......#...
..........# #.......#..)
..........# #.......####
..........# #.......#...
..........# #.......#...
....####..############.......#>..
....'.....#......†c..........#...
....#.<..#......@#...........####
....#....#.......#............)..
....#....##......#............)..
....#....#########...............
....#....#,."...........###+#....
....#....#,.............#,,,#....
....#....#,.............#,,<#....
....##+###,.............+,,,#....
#####,,,,,,.............#,,,#....


You could see a centaur.

Vanquished Creatures
  Maggie (D:6)
  3 black bears
  An orc warrior (D:4)
  2 sky beasts
  2 ogres
  A phantom (D:3)
  A kobold brigand (D:6)
  A bullfrog (D:4)
  A centaur zombie (D:3)
  An orc priest (D:5)
  A hound (D:5)
  An iguana (D:5)
  A jelly (D:4)
  4 orc wizards
  2 hound skeletons (D:4)
  7 adders
  4 gnolls (D:2)
  An ufetubus (D:5)
  2 dart slugs (D:2)
  16 orcs
  10 bats
  5 endoplasms
  2 giant cockroaches
  5 goblins
  5 hobgoblins
  8 jackals
  14 kobolds
  2 quokkas (D:1)
  5 ball pythons
  2 frilled lizards
  3 rats
114 creatures vanquished.

Vanquished Creatures (others)
  2 plants (D:4)
2 creatures vanquished.

Grand Total: 116 creatures vanquished

Notes
Turn   | Place    | Note
-------+----------+-------------------------------------------
     0 | D:1      | mordus the Troll Monk began the quest for the Orb.
     0 | D:1      | Reached XP level 1. HP: 22/22 MP: 0/0
   143 | D:1      | Reached XP level 2. HP: 24/29 MP: 1/1
   629 | D:2      | Reached XP level 3. HP: 36/36 MP: 2/2
   755 | D:2      | Reached skill level 4 in Unarmed Combat
   757 | D:2      | Found a faded altar of an unknown god.
   980 | D:2      | Reached XP level 4. HP: 45/45 MP: 3/3
  1184 | D:3      | Found a white marble altar of Elyvilon.
  1287 | D:3      | Noticed a phantom
  1300 | D:3      | Killed a phantom
  1301 | D:3      | Reached skill level 5 in Unarmed Combat
  1301 | D:3      | Reached XP level 5. HP: 30/53 MP: 4/4
  1384 | D:3      | Noticed an ogre
  1394 | D:3      | Killed an ogre
  1395 | D:3      | Reached skill level 6 in Unarmed Combat
  1395 | D:3      | Reached XP level 6. HP: 40/62 MP: 5/5
  1797 | D:4      | Reached XP level 7. HP: 70/70 MP: 6/6
  2087 | D:4      | Reached skill level 7 in Unarmed Combat
  2345 | D:4      | Found a staircase to the Ecumenical Temple.
  2357 | Temple   | Entered the Ecumenical Temple
  2795 | D:5      | Entered Level 5 of the Dungeon
  2850 | D:5      | Reached skill level 5 in Fighting
  2850 | D:5      | Reached skill level 8 in Unarmed Combat
  2940 | D:5      | Found Exic's Magic Scroll Emporium.
  3097 | D:5      | Found Xuunialol's Antique Weapon Emporium.
  3532 | D:5      | Reached XP level 8. HP: 54/80 MP: 7/7
  3576 | D:5      | Identified a scroll of acquirement
  3576 | D:5      | Acquired the +0 hat of Mental Paralysis {-Cast rC+ Str+5}
  3650 | D:5      | Found Vasar's Armour Shop.
  4160 | D:6      | Noticed Maggie
  4167 | D:6      | Killed Maggie
  4168 | D:6      | Reached skill level 9 in Unarmed Combat
  4192 | D:6      | HP: 4/83 [centaur/arrow (4)]
  4199 | D:6      | HP: 3/83 [black bear (4)]
  4200 | D:6      | Shot with an arrow by a centaur

Illustrated notes

Levels and vault maps discovered:
D:1:      scummos_arrival_checkerplants, layout_basic, minmay_misc_feat_roman
D:2:      layout_basic, basic_ecumenical_altar, minmay_close_crescents
D:3:      layout_basic, general_overflow_altar
D:4:      layout_basic, minmay_temple_entry_junction, chequers_jeans,
          serial_bayou_crossing
D:5:      layout_basic, serial_shops, kennysheep_little_box,
          nicolae_shop_crystal, nicolae_shop_overgrown_old_shop,
          kennysheep_path_1
D:6:      layout_gridville, uniq_maggie, uniq_eustachio
Temple:   kilobyte_greek_temple

Skill      XL: |  1  2  3  4  5  6  7  8 |
---------------+-------------------------+-----
Unarmed Combat | 4 5 6 8 9 |  9.4
Fighting       | 3 4 5 |  5.8
Dodging        | |  2.4
Stealth        | |  1.0

Action                   |  1- 3 |  4- 6 |  7- 9 || total
-------------------------+-------+-------+-------++-------
Melee: Unarmed           |    68 |   114 |   137 ||   319
       Punch             |       |     1 |     3 ||     4
  Use: Scroll            |       |       |    13 ||    13
 Stab: Sleeping          |     1 |       |     1 ||     2
Armor: Robe              |    24 |    33 |    54 ||   111
Dodge: Dodged            |    37 |    62 |    78 ||   177

Table legend: (Time is in decaauts)
 A = Elapsed time spent in this place.
 B = Non-inter-level travel time spent in this place.
 C = Inter-level travel time spent in this place.
 D = Time resting spent in this place.
 E = Time spent auto-exploring this place.
 F = Levels seen in this place.
 G = Mean time per level.
                   A        B        C        D        E       F      G
               +--------+--------+--------+--------+--------+-----+--------+
         Total |   4171 |   4036 |    135 |    111 |   3133 |   7 |  595.9 |
       Dungeon |   4026 |   3891 |    135 |    111 |   3004 |   6 |  671.0 |
        Temple |    144 |    144 |      0 |      0 |    129 |   1 |  144.0 |
               +--------+--------+--------+--------+--------+-----+--------+

Top non-repeatable levels by time:
     D:5: 1145 daAuts
     D:4: 914 daAuts
     D:3: 654 daAuts
     D:1: 598 daAuts
     D:2: 467 daAuts
     D:6: 246 daAuts
  Temple: 144 daAuts
